Map: Nightshade LE

Players

鴨霸 - Winner!

  • Race: Terran Terran
  • League: Silver
  • Spawn Location: 11:00

JohnnyV

  • Race: Terran Terran
  • League: Silver
  • Spawn Location: 5:00

VOD

Have the link to the VOD?

Description

Time

  • Played on: May 19, 2020, 10:25 a.m.
  • Length: 24:34
Show
View Real Time Build Order
Export as new Build Order

鴨霸 Terran - Winner!

Build Orders:  

Get SALT Encoding   

  12  0:00  SCV  
  13  0:13  SCV  
  14  0:18  Supply Depot  
  14  0:25  SCV  
  15  0:31  Refinery  
  15  0:40  SCV  
  16  0:46  Barracks  
  16  0:52  SCV  
  17  1:04  SCV  
  17  1:10  Barracks  
  18  1:16  SCV  
  19  1:28  SCV  
  20  1:33  Supply Depot, Reaper  
  20  1:37  Refinery  
  21  1:40  SCV  
  22  1:53  SCV  
  23  1:59  Supply Depot, Reaper  
  24  2:05  SCV  
  24  2:08  Reaper  
  26  2:17  SCV  
  27  2:27  Barracks  
  27  2:31  Reaper  
  28  2:40  Reaper  
  28  2:48  SCV  
  29  3:03  Factory, Reaper  
  30  3:12  Reaper  
  31  3:21  Command Center  
  28  3:49  Barracks Tech Lab  
  28  3:52  Barracks Reactor  
  28  3:54  Marine  
  29  3:58  Factory Tech Lab  
  29  4:01  Starport  
  29  4:02  SCV  
  30  4:12  Marine  
  30  4:14  SCV  
  32  4:19  Marine  
  32  4:23  Combat Shield  
  33  4:29  Orbital Command  
  33  4:30  Marine  
  34  4:37  Marine  
  35  4:45  Starport Tech Lab  
  35  4:46  Fusion Core  
  35  4:48  Marine, Siege Tank  
  39  4:55  Marine  
  39  5:06  Marine  
  40  5:12  Marine  
  40  5:23  Marine  
  40  5:50  Viking  
  40  5:52  Marine x3  
  40  5:53  Marine  
  40  5:56  SCV  
  46  6:00  SCV  
  47  6:08  SCV  
  47  6:10  Marine x4  
  52  6:12  SCV  
  53  6:20  SCV  
  54  6:29  Supply Depot  
  54  6:31  Supply Depot  
  54  6:51  Marine x2, SCV x2, Supply Depot, Viking  
  54  6:53  Refinery  
  60  6:54  Refinery  
  60  7:02  Stimpack  
  60  7:03  SCV x2  
  62  7:15  SCV x2  
  64  7:18  Engineering Bay  
  64  7:21  Viking  
  64  7:22  Rapid Reignition System  
  66  7:24  Marine  
  66  7:25  Marine  
  66  7:26  Marine  
  66  7:27  SCV x2  
  71  7:30  Marine  
  72  7:39  SCV x2  
  72  7:42  Marine  
  72  7:43  Marine x2, Armory  
  77  7:45  Supply Depot  
  77  7:51  Marine, Viking  
  79  7:54  SCV  
  81  8:00  Marine x2, Orbital Command  
  81  8:01  Marine  
  84  8:07  Supply Depot  
  84  8:23  Marine  
  84  8:24  Marine x2  
  84  8:25  Viking  
  89  8:27  Command Center  
  89  8:31  Marine  
  90  8:39  Siege Tank  
  93  8:41  Marine x2  
  93  8:42  Marine  
  93  8:47  Supply Depot  
  96  8:50  Missile Turret  
  96  9:01  Viking  
  91  9:24  Missile Turret  
  91  9:29  Terran Ship Weapons Level 1  
  91  9:31  Viking  
  93  9:41  Supply Depot  
  93  9:42  Marine x4  
  97  9:47  SCV x2  
  99  9:53  SCV  
  99  9:58  Missile Turret  
  99  9:59  SCV  
  102  10:00  SCV  
  102  10:04  Supply Depot  
  102  10:05  SCV  
  103  10:11  SCV  
  103  10:12  SCV  
  105  10:17  SCV  
  105  10:20  Refinery  
  106  10:23  SCV, Refinery  
  106  10:24  SCV  
  106  10:26  Viking  
  106  10:27  Supply Depot  
  110  10:30  SCV  
  110  10:33  Siege Tank  
  114  10:36  SCV x2  
  114  10:41  Terran Infantry Weapons Level 1  
  114  10:42  SCV, Starport  
  117  10:56  Viking  
  119  11:11  Command Center  
  119  11:18  SCV x2  
  121  11:20  Marine x4  
  121  11:23  Terran Vehicle And Ship Armor Level 1  
  125  11:33  Starport Tech Lab  
  125  11:38  Marine x4  
  129  11:43  Starport  
  129  11:45  Medivac  
  100  11:55  Marine  
  100  11:56  Marine x3  
  100  11:58  Siege Tank  
  101  12:11  Sensor Tower  
  101  12:13  Marine x2  
  101  12:14  Marine x2  
  101  12:15  Medivac  
  107  12:28  Starport Tech Lab  
  107  12:29  Viking  
  109  12:31  Marine x3, Missile Turret  
  109  12:32  Marine  
  109  12:36  Terran Infantry Armor Level 1  
  113  12:39  SCV  
  114  12:44  SCV x2  
  114  12:45  Medivac  
  114  12:47  Planetary Fortress  
  114  12:49  Marine x4  
  114  12:50  Missile Turret  
  122  12:51  SCV  
  122  12:56  SCV  
  122  12:57  SCV  
  125  13:07  Marine x4  
  125  13:10  Factory  
  129  13:16  Terran Ship Weapons Level 2  
  129  13:24  Missile Turret  
  129  13:25  Marine  
  130  13:35  Marine x3  
  130  13:39  Viking x3  
  139  13:43  Marine, Sensor Tower  
  139  13:47  SCV x2  
  139  13:48  SCV x2  
  144  13:52  Marine  
  144  13:53  Marine x2  
  147  13:56  Missile Turret  
  147  13:59  SCV  
  147  14:00  SCV, Marine  
  150  14:04  Factory Tech Lab  
  150  14:07  Thor  
  150  14:09  Viking x2  
  160  14:10  Marine x2  
  160  14:11  Marine  
  160  14:16  Barracks  
  163  14:18  Marine, Missile Turret  
  164  14:28  Marine x3  
  164  14:30  Neosteel Armor  
  158  14:37  Missile Turret  
  121  14:47  Marine x2  
  121  14:48  Marine x2  
  112  15:04  Barracks  
  112  15:05  Marine x4  
  87  15:10  Hellion  
  88  15:23  Marine x4, Command Center  
  88  15:28  Missile Turret  
  88  15:33  Terran Vehicle Weapons Level 1  
  83  15:39  Siege Tank  
  83  15:41  Marine x4, Siege Tank  
  88  15:44  Battlecruiser  
  88  15:45  Battlecruiser x2  
  106  15:51  Missile Turret  
  106  15:58  Marine  
  106  15:59  Marine x3  
  106  16:00  SCV  
  111  16:10  Missile Turret, Hi-Sec Auto Tracking  
  111  16:12  SCV  
  111  16:14  Siege Tank  
  111  16:16  Marine x2  
  111  16:17  Marine x2  
  119  16:24  SCV  
  120  16:34  Marine x4  
  120  16:36  SCV  
  120  16:38  Command Center  
  125  16:46  Siege Tank  
  127  16:48  SCV  
  127  16:52  Marine x4  
  97  17:10  Marine x4  
  101  17:17  Missile Turret  
  100  17:27  Marine  
  100  17:28  Marine x3  
  104  17:37  Missile Turret  
  103  17:45  Marine x2  
  103  17:46  Marine x2  
  107  18:03  Marine  
  102  18:33  Marine x4  
  106  18:40  Siege Tank  
  109  18:46  SCV x2  
  109  18:47  SCV x2  
  107  18:51  Marine x4  
  105  18:58  SCV x2  
  105  18:59  SCV x2  
  105  19:00  Battlecruiser  
  115  19:08  Marine  
  115  19:09  Marine x3  
  119  19:10  SCV  
  119  19:11  SCV x2, Planetary Fortress  
  119  19:12  Siege Tank  
  125  19:22  SCV  
  125  19:23  SCV x2  
  128  19:26  Marine x2  
  128  19:27  Marine x2  
  128  19:31  Command Center  
  132  19:34  SCV  
  132  19:35  SCV  
  132  19:36  Refinery  
  132  19:37  SCV  
  135  19:39  Refinery  
  135  19:44  Marine, Siege Tank  
  135  19:45  Marine  
  140  19:49  SCV, Battlecruiser  
  140  19:52  Battlecruiser  
  153  20:02  SCV  
  148  20:08  Marine x3, Command Center  
  148  20:09  Marine  
  148  20:14  SCV  
  130  20:26  SCV, Marine x4  
  135  20:40  Battlecruiser  
  141  20:44  Marine x4  
  145  20:56  Battlecruiser  
  151  21:02  Marine  
  151  21:04  Refinery  
  152  21:06  Refinery  
  152  21:10  Marine x3  
  155  21:14  Terran Ship Weapons Level 3  
  155  21:18  Battlecruiser  
  161  21:19  Marine  
  161  21:21  Weapon Refit  
  162  21:27  Marine  
  162  21:28  Marine x2  
  164  21:37  Marine  
  165  21:45  Marine x2  
  166  21:54  Marine  
  166  21:55  Marine  
  168  22:03  Marine x2  
  170  22:12  Marine  
  170  22:13  Marine  
  172  22:21  Marine x2  
  173  22:30  Marine  
  173  22:31  Marine  
  175  22:39  Marine x2  
  177  22:47  Marine  
  177  22:48  Marine  
  173  22:57  Marine  
  161  23:05  Marine  
  158  23:16  Medivac x3  
  164  23:39  Command Center  
  164  23:45  Marine x3  
  164  23:46  Marine  
  186  23:50  Siege Tank  
  189  24:03  Marine x4  
Show
View Real Time Build Order
Export as new Build Order

JohnnyV Terran 

Build Orders:  

Get SALT Encoding   

  12  0:02  SCV  
  13  0:17  SCV  
  13  0:18  Supply Depot  
  14  0:26  Refinery  
  14  0:29  SCV  
  15  0:41  Barracks  
  15  0:46  SCV  
  16  0:58  SCV  
  17  1:10  SCV  
  18  1:15  Refinery  
  18  1:22  SCV  
  19  1:29  Reaper  
  20  1:34  SCV, Supply Depot  
  21  1:44  Bunker  
  21  1:46  SCV  
  22  1:53  Factory  
  22  1:58  SCV  
  23  2:05  Barracks Tech Lab  
  23  2:10  SCV  
  24  2:21  Engineering Bay  
  24  2:22  SCV  
  25  2:24  Marine  
  25  2:25  Combat Shield  
  26  2:50  Marine  
  26  2:59  Command Center  
  26  3:06  Widow Mine  
  26  3:11  Orbital Command  
  25  3:37  Marine  
  25  3:50  Factory Reactor  
  25  3:55  Marine, Starport  
  26  4:01  Terran Infantry Armor Level 1  
  26  4:10  Supply Depot  
  26  4:12  SCV  
  27  4:17  Refinery  
  27  4:32  Starport Tech Lab  
  27  4:35  Fusion Core  
  27  4:40  Starport  
  27  4:43  Marine x2  
  29  4:48  Widow Mine  
  29  4:50  SCV  
  32  4:52  Orbital Command  
  32  5:02  SCV  
  28  5:48  Starport Tech Lab  
  27  6:06  Bunker  
  27  6:13  Marine x2, Siege Tank  
  32  6:22  SCV x2  
  34  6:28  Refinery  
  34  6:56  Marine x2  
  36  7:05  Siege Tank  
  39  7:19  Barracks  
  39  7:20  Barracks  
  39  7:24  SCV  
  39  7:25  SCV  
  41  7:31  Marine x2  
  41  7:36  SCV  
  44  7:37  SCV  
  44  7:42  Supply Depot  
  45  7:44  Supply Depot  
  45  7:46  Battlecruiser  
  45  7:48  SCV, Medivac  
  54  8:03  Marine x2  
  54  8:04  Siege Tank  
  59  8:08  Barracks Tech Lab x2  
  59  8:19  SCV  
  61  8:20  SCV  
  61  8:21  Supply Depot  
  61  8:23  Marine x2  
  63  8:30  Marine x2  
  63  8:32  SCV x2  
  67  8:34  Concussive Shells  
  67  8:41  Marine  
  67  8:47  SCV x2  
  70  8:59  SCV  
  70  9:00  SCV  
  72  9:07  Marine x2  
  76  9:10  Marauder x2  
  74  9:31  Marauder x2  
  74  9:33  Missile Turret  
  74  9:34  Missile Turret  
  76  9:41  Missile Turret x2  
  76  9:42  Missile Turret  
  76  9:43  Medivac x2  
  76  9:45  Marine  
  83  9:53  Marauder x2  
  85  10:01  SCV, Sensor Tower  
  86  10:07  SCV  
  86  10:10  Supply Depot  
  86  10:13  SCV  
  88  10:15  Supply Depot  
  88  10:17  Marine x2  
  88  10:19  Medivac  
  92  10:23  Marine x2  
  94  10:33  Supply Depot  
  94  10:34  Siege Tank  
  97  10:49  Command Center  
  97  10:56  Terran Infantry Weapons Level 1  
  97  10:58  Medivac  
  97  10:59  Medivac  
  101  11:07  Marine x3  
  104  11:29  SCV x2  
  104  11:32  Marine x2  
  106  11:33  Marine, Marauder  
  106  11:38  Supply Depot  
  111  11:41  Supply Depot  
  111  11:42  Viking  
  111  11:43  Viking  
  115  11:51  Marauder  
  107  12:05  Armory, Engineering Bay  
  107  12:08  Armory, Orbital Command  
  107  12:19  SCV x2  
  107  12:21  Marine x4  
  115  12:22  Widow Mine  
  115  12:31  SCV  
  116  12:37  Orbital Command  
  118  12:44  Widow Mine  
  118  12:59  Sensor Tower  
  118  13:01  Refinery  
  118  13:02  Refinery  
  118  13:06  Missile Turret  
  118  13:08  Marine x4  
  118  13:10  Missile Turret  
  122  13:13  Viking x2  
  126  13:26  Marine x2  
  128  13:53  Marine  
  128  13:54  Marine x3  
  132  13:57  Terran Infantry Weapons Level 2, Terran Infantry Armor Level 2  
  132  14:00  Terran Vehicle And Ship Armor Level 1  
  132  14:01  Terran Vehicle Weapons Level 1  
  132  14:04  SCV x3  
  135  14:11  Marine, Viking x2  
  135  14:12  Marauder x2  
  135  14:16  SCV x2  
  128  14:40  Marine x4, Viking  
  128  14:43  Viking  
  127  14:58  Marine x4  
  130  15:10  Viking  
  130  15:12  Thor  
  130  15:13  Medivac  
  140  15:15  Marine  
  140  15:16  Marine x2  
  136  15:31  SCV x3  
  136  15:40  Medivac  
  137  15:43  SCV x2  
  137  15:45  Marine x3  
  137  15:46  Marauder  
  144  15:55  Terran Ship Weapons Level 1  
  144  15:58  Barracks  
  144  16:03  Marauder  
  146  16:05  Marine x2  
  148  16:13  Neosteel Armor, Hi-Sec Auto Tracking  
  148  16:14  Marauder  
  148  16:15  Supply Depot x2  
  150  16:23  Marine x2  
  150  16:24  Marine  
  153  16:26  Medivac x2  
  157  16:36  Marine  
  123  17:01  Marine x2  
  123  17:02  Marine x2  
  121  17:13  Thor  
  121  17:14  Viking  
  122  17:19  Marine x4  
  89  17:37  Marine x2, Viking  
  89  17:38  Marauder x2  
  89  17:40  Missile Turret x2  
  97  17:46  Missile Turret x3  
  94  17:55  Marine x2  
  94  17:56  Thor  
  100  17:59  Marine x2  
  102  18:07  Viking  
  100  18:12  Marine  
  100  18:13  Marine  
  100  18:16  Marine x2  
  100  18:17  Barracks Reactor  
  96  18:30  Marine x2  
  94  18:34  Marine x2  
  93  18:46  Command Center  
  93  18:48  Marine x2  
  88  18:52  Marine x2  
  92  18:56  Marine x2  
  94  19:03  Medivac  
  94  19:06  Marine x2  
  98  19:10  Marine x2  
  98  19:14  Marine x2  
  102  19:21  SCV x2  
  102  19:22  SCV  
  102  19:24  Marine x2  
  105  19:28  Marine x2  
  105  19:29  Terran Infantry Weapons Level 3  
  105  19:30  Terran Infantry Armor Level 3  
  109  19:32  Marine x2  
  109  19:33  SCV  
  109  19:34  SCV  
  113  19:42  Marine  
  114  19:45  Marine x2  
  116  19:57  Marine x3  
  116  19:59  Marine  
  119  20:03  Marine  
  115  20:08  Sensor Tower  
  115  20:13  Marine  
  108  20:15  Marine x3  
  108  20:16  Medivac x2  
  115  20:23  Marauder  
  115  20:24  Stimpack  
  117  20:30  Planetary Fortress  
  117  20:33  Marine x3  
  117  20:34  Marine x2  
  122  20:44  Marine  
  122  20:46  Medivac x2  
  127  20:51  Marine x4  
  131  20:58  Supply Depot  
  131  21:04  Thor  
  131  21:05  Supply Depot  
  131  21:09  Refinery  
  131  21:10  Marine x3  
  140  21:11  Refinery  
  140  21:15  Terran Vehicle And Ship Armor Level 2  
  140  21:16  Terran Vehicle Weapons Level 2  
  140  21:19  Marine x2  
  140  21:20  Supply Depot, Medivac, Marauder  
  135  21:38  Marauder  
  123  21:41  Marauder  
  123  21:43  Supply Depot  
  123  21:45  Marine x2  
  123  21:46  Marine x2  
  86  21:57  Viking x2  
  86  21:59  Marine  
  91  22:02  Marine  
  91  22:03  Marine x3  
  91  22:04  Marine  
  91  22:06  Supply Depot  
  95  22:11  Thor  
  101  22:16  Marine  
  101  22:20  Marine  
  101  22:21  Marine x3  
  106  22:26  Viking  
  106  22:27  Marine, Viking  
  111  22:34  Marine  
  112  22:38  Marine  
  112  22:39  Marine  
  114  22:49  Marine x2  
  114  22:50  Marine  
  100  22:52  Marine  
  100  22:56  Marine, Viking  
  100  22:57  Marine, Medivac  
  79  23:07  Marine x3  
  79  23:11  Marine  
  83  23:13  Marine  
  83  23:14  Marine  
  85  23:25  Marine x3  
  85  23:26  Medivac  
  90  23:29  Marine, Medivac  
  90  23:31  Marine, Siege Tank  
  90  23:32  Marine  
  98  23:39  Barracks  
  98  23:43  Marine x3  
  98  23:47  Marine  
  102  23:49  Marine  
  102  23:50  Marine  
  104  23:56  Medivac  
  104  24:01  Marine x3  
  107  24:05  Marine  
  107  24:07  Marine  
  107  24:08  Marine  
Tags
 
Matchup
TvT
Race
Terran
Spawn Locations
Cross Positions
Add a new tag
Caveats
  • Supply blocks, unpowered buildings, or Contaminate may cause inaccurate times.
  • Supply counts are checked every 10 seconds.